Cogmind - Beta 11.1 @@@ ROGUE MODE // 2022.05.15 @ 01:40:22 Player: art-hropod Result: Destroyed by H-66 Slayer with Heavy Assault Rifle Performance ------------- Evolutions (5) 2500 Regions Visited (15) 3000 Robots Destroyed (89) 445 Value Destroyed (2457) 2457 Prototype IDs (2) 40 Alien Tech Used (0) 0 Bonus (417) 417 TOTAL SCORE: 8859 Bonus ------- High Alert Combat Kills 6 Follower Combat Kills 134 Aligned with FarCom 300 Friendly Fire -23 Cogmind --------- Core Integrity 0/1000 Matter 275/300 Energy 9/100 System Corruption 4% Temperature Cool (0) Movement Core (100) Ox1 Location -5/Factory Parts ------- > --- POWER (2) -------- (None) > --- PROPULSION (6) --- (None) > --- UTILITY (6) ------ Improved Terrain Scan Processor > --- WEAPON (3) ------- Variable Charge Gun > --- INVENTORY (5) ---- (None) Peak State ------------ > --- POWER ------------ Micro Fission Core > --- PROPULSION ------- Medium Treads Improved VSS Leg Improved VSS Leg Improved VSS Leg Antigrav System > --- UTILITY ---------- Compact Battery Compact Battery Improved Salvage Targeting Computer Improved Light Armor Plating Improved Light Armor Plating Improved Light Armor Plating > --- WEAPON ----------- Tesla Rifle Advanced Assault Cannon Enhanced Gauss Cannon > --- INVENTORY -------- Matter Compressor Improved Terrain Scan Processor Flak Gun Flak Gun Improved Proton Missile Launcher [Rating: 68] Favorites ----------- Power Ion Engine Engine Ion Engine Power Core Light Fission Core Propulsion Armored Leg Treads Medium Treads Leg Armored Leg Wheel Compact Wheel Hover Unit Antigrav System Flight Unit Improved Flight Unit Utility Component Analysis Suite Device Component Analysis Suite Storage Matter Compressor Processor Improved Salvage Targeting Computer Hackware Hacking Suite Protection Improved Light Armor Plating Weapon Assault Cannon Energy Gun Gatling Laser Ballistic Gun Coil Gun Ballistic Cannon Assault Cannon Launcher Grenade Launcher Special Weapon Plasma Cutter Build | -11 -10 -10 -9 -9 -9 -8 -8 -8 -7 -7 -7 -6 -6 -6 -5 ------- Run | Scr Mat Min Mat Min Exi Min Mat Sto Fac Low Low Fac Low Low Fac Slots Evolved 10 | . . . 2 . . . 2 . 2 . . 2 . . 2 Power 1 | . . . . . . . . . 1 . . . . . . Propulsion 4 | . . . 1 . . . 1 . 1 . . . . . 1 Utility 4 | . . . 1 . . . 1 . . . . 2 . . . Weapon 1 | . . . . . . . . . . . . . . . 1 Parts Attached 127 | 7 1 . 6 4 1 2 7 5 10 13 . 20 8 10 33 Power 17 | 1 . . 1 . . . . . 2 2 . 2 3 1 5 Engine 11 | 1 . . 1 . . . . . 1 2 . . 2 1 3 Core 6 | . . . . . . . . . 1 . . 2 1 . 2 Reactor . | . . . . . . . . . . . . . . . . Propulsion 41 | 2 . . 2 3 . . 4 2 4 4 . 6 2 2 10 Treads 2 | . . . . . . . . . . . . . . 2 . Leg 26 | 2 . . 2 3 . . . 2 2 4 . 6 1 . 4 Wheel 2 | . . . . . . . . . . . . . . . 2 Hover 3 | . . . . . . . . . . . . . . . 3 Flight 8 | . . . . . . . 4 . 2 . . . 1 . 1 Utility 33 | 2 . . 2 . 1 . 3 . 2 2 . 8 2 4 7 Device 12 | 1 . . 1 . . . 3 . 1 1 . 4 1 . . Storage 10 | 1 . . 1 . . . . . . . . 2 . 4 2 Processor 5 | . . . . . 1 . . . . 1 . 1 1 . 1 Hackware 1 | . . . . . . . . . . . . . . . 1 Protection 5 | . . . . . . . . . 1 . . 1 . . 3 Artifact . | . . . . . . . . . . . . . . . . Weapon 36 | 2 1 . 1 1 . 2 . 3 2 5 . 4 1 3 11 Energy Gun 5 | . . . . . . . . . 1 . . 1 . . 3 Energy Cannon . | . . . . . . . . . . . . . . . . Ballistic Gun 15 | 2 . . . . . . . . 1 3 . 2 . 2 5 Ballistic Cannon 9 | . . . 1 1 . 1 . 1 . 2 . . . 1 2 Launcher 6 | . 1 . . . . 1 . 1 . . . 1 1 . 1 Special Weapon 1 | . . . . . . . . 1 . . . . . . . Impact Weapon . | . . . . . . . . . . . . . . . . Slashing Weapon . | . . . . . . . . . . . . . . . . Piercing Weapon . | . . . . . . . . . . . . . . . . Special Melee Weapon . | . . . . . . . . . . . . . . . . Unidentified Prototypes 2 | . . . . . 1 . 1 . . . . . . . . Corrupted Parts 1 | . . . . . . . . . . . . . . 1 . System Corruption 1 | . . . . . . . . . . . . . . 1 . Parts Lost 79 | . . . . 1 . . . 1 8 9 . 15 4 9 32 Power 15 | . . . . . . . . . 2 1 . 3 1 2 6 Propulsion 27 | . . . . 1 . . . . 4 . . 5 1 5 11 Utility 19 | . . . . . . . . 1 . 5 . 3 1 1 8 Weapon 18 | . . . . . . . . . 2 3 . 4 1 1 7 Highest Loss Streak 15 | . . . . 1 . . . 1 8 6 . 6 1 9 15 To Critical Strikes . | . . . . . . . . . . . . . . . . Average Slot Usage (%) 77 | . 100 100 100 96 100 100 87 96 86 46 61 74 87 77 62 Engine 5 | . 14 14 11 11 11 11 9 9 7 2 7 1 5 6 3 Core 1 | . . . . . . . . . 5 . . 4 1 3 1 Treads 1 | . . . . . . . . . . . . . . 4 6 Leg 18 | . 28 28 33 29 33 33 2 6 13 4 30 22 25 13 4 Flight 3 | . . . . . . . 30 29 17 7 7 . . 2 . Device 15 | . 14 14 22 22 17 11 16 24 17 11 . 17 19 17 3 Storage 8 | . 14 14 11 11 11 11 1 . . . . 12 13 13 11 Processor 3 | . . . . . 4 11 9 9 7 1 . . 5 6 4 Protection 2 | . . . . . . . . . . 5 . 2 . . 6 Energy Gun 2 | . . . . . . . . . 6 . . 1 6 3 1 Ballistic Gun 4 | . 22 14 4 . . . . . . 9 . 2 4 1 6 Ballistic Cannon 6 | . . . 6 21 22 22 18 15 6 2 15 6 . . 3 Launcher 1 | . 6 14 11 . . . . 2 . . . . 1 3 . Naked Turns . | . . . . . . . . . . . . . . . . Heaviest Build 53 | 14 16 16 26 28 28 26 17 17 23 24 24 53 41 41 40 Greatest Support 81 | 20 20 20 30 30 30 30 26 26 29 63 63 81 64 63 60 Greatest Overweight (x) 4 | . . . 1 1 . . . 1 1 4 . 2 . 1 3 Average Overweight (x) . | . . . . . . . . . . 2 . . . . . Largest Inventory Capacity 10 | 8 8 8 10 10 10 10 10 5 5 5 5 5 5 5 5 Average Capacity 6 | 5 8 8 9 10 10 10 5 5 5 5 5 5 5 5 5 Most Carried 10 | 6 8 8 10 10 10 10 10 5 5 5 3 5 5 5 5 Average Carried 5 | 1 7 8 9 9 9 10 4 4 4 3 3 4 4 4 2 Final Capacity 10 | 8 8 8 10 10 10 10 5 5 5 5 5 5 5 5 5 Final Carried 10 | 5 8 8 10 10 10 10 5 5 5 3 3 5 4 5 . Class Distribution -------------------- 43% | Mutant 23% | Scavenger-Mutant 17% | Derelict-Mutant 5% | Scavenger-Skirmisher 3% | Scavenger-Tank 3% | Skirmisher Dominant Class ---------------- Mutant | -10/Materials Mutant | -10/Mines Mutant | -9/Materials Scavenger-Mutant | -9/Mines Scavenger-Mutant | -9/Exiles Scavenger-Mutant | -8/Mines Scout | -8/Materials Scout | -8/Storage Skirmisher | -7/Factory Mutant | -7/Lower Caves Mutant | -7/Lower Caves Mutant | -6/Factory Derelict-Mutant | -6/Lower Caves Scavenger-Mutant | -6/Lower Caves Scavenger-Skirmisher | -5/Factory Resources | -11 -10 -10 -9 -9 -9 -8 -8 -8 -7 -7 -7 -6 -6 -6 -5 ----------- Run | Scr Mat Min Mat Min Exi Min Mat Sto Fac Low Low Fac Low Low Fac Matter Collected 3190 | 296 38 . 148 235 . 35 . 114 88 505 . 576 574 . 581 Remotely 517 | 61 38 . 148 235 . 35 . . . . . . . . . Salvage Created 2853 | 122 56 . 360 112 . 13 . 286 76 372 . 543 516 169 228 Parts 166 | 7 5 . 23 9 . 4 . 21 4 18 . 25 21 7 22 Haulers Intercepted 2 | . . . 2 . . . . . . . . . . . . Recyclers Shooed 3 | . . . . . . . . . . . . 2 . . 1 Parts Field Recycled . | . . . . . . . . . . . . . . . . Retrieved Matter . | . . . . . . . . . . . . . . . . Parts Self-Destructed 44 | . . . . . . . . . . 17 . . 19 8 . Prevented 2 | . . . . . . . . . . . . . 1 1 . Kills | -11 -10 -10 -9 -9 -9 -8 -8 -8 -7 -7 -7 -6 -6 -6 -5 ------- Run | Scr Mat Min Mat Min Exi Min Mat Sto Fac Low Low Fac Low Low Fac Combat Hostiles Destroyed 60 | . 3 . 9 2 . 3 . 5 2 8 . 11 9 5 3 Guns 29 | . 1 . 3 . . . . . 2 6 . 4 9 2 2 Cannons 13 | . . . 1 2 . . . 2 . 2 . 4 . 1 1 AOE 18 | . 2 . 5 . . 3 . 3 . . . 3 . 2 . Classes Destroyed 15 | 2 2 . 2 2 . . . 1 1 3 . 1 1 . . Worker 6 | . . . . 1 . . . . . . . 3 . . 2 Builder 6 | . . . . 1 . . . 2 . . . 1 . . 2 Tunneler 2 | 2 . . . . . . . . . . . . . . . Hauler 2 | . . . 2 . . . . . . . . . . . . Recycler 8 | 1 . . 2 1 . . . 3 . . . 1 . . . Minesweeper 1 | . . . . . . . . . . 1 . . . . . Operator 1 | . . . . . . . . 1 . . . . . . . Watcher 3 | . . . 1 . . . . . . . . 1 . . 1 Swarmer 28 | . 2 . 6 2 . 3 . 4 . 4 . 3 1 3 . Grunt 19 | . 1 . 3 . . . . 1 . 3 . 5 5 1 . Brawler 2 | . . . . . . . . . . 1 . 1 . . . Sentry 5 | . . . . . . . . . 2 . . 1 1 1 . Hunter 3 | . . . . . . . . . . . . 1 1 . 1 Programmer 3 | . . . . . . . . . . . . . 1 . 2 Decomposer 3 | . . . . . . . . . . 3 . . . . . Samaritan 1 | . . . . . . . . . . 1 . . . . . Best Kill Streak 9 | 3 3 . 5 2 . 3 . 9 1 4 . 7 3 3 3 Combat Bots Only 4 | . 3 . 3 2 . 3 . 4 1 4 . 4 3 3 2 Max Kills in Single Turn 4 | 2 2 . 3 1 . 3 . 4 1 1 . 2 1 2 1 Gunslinging . | . . . . . . . . . . . . . . . . Exploded 3 | . 2 . 2 . . 3 . 3 . . . 1 . 1 . Melee . | . . . . . . . . . . . . . . . . Uniques/NPCs Destroyed . | . . . . . . . . . . . . . . . . Combat | -11 -10 -10 -9 -9 -9 -8 -8 -8 -7 -7 -7 -6 -6 -6 -5 -------- Run | Scr Mat Min Mat Min Exi Min Mat Sto Fac Low Low Fac Low Low Fac Damage Taken 9819 | . 119 . 330 107 . 23 . 312 670 918 43 1998 937 1119 3243 Core 2204 | . 37 . 59 29 . . . 76 106 233 10 349 129 162 1014 Absorbed by Shields . | . . . . . . . . . . . . . . . . Core Remaining (%) 70 | 100 . 85 . . . 78 . 86 . . 50 . . 24 . Volleys Fired 321 | 11 5 . 33 11 . 1 1 23 16 43 . 55 33 25 64 Largest 3 | 2 2 . 2 2 . 2 2 2 2 2 . 2 2 2 3 Hottest 170 | 40 50 . 74 88 . 74 88 88 107 101 . 110 123 123 170 Shots Fired 512 | 16 9 . 39 21 . 2 2 41 19 63 . 81 64 35 120 Gun 336 | 16 8 . 21 . . . . . 16 54 . 43 62 25 91 Cannon 145 | . . . 12 21 . 1 2 34 3 9 . 30 . 5 28 Launcher 26 | . 1 . 6 . . 1 . 2 . . . 8 2 5 1 Special 5 | . . . . . . . . 5 . . . . . . . Kinetic 387 | 16 8 . 33 21 . 1 2 34 10 63 . 54 31 17 97 Thermal 84 | . . . . . . . . 5 9 . . 19 31 13 7 Explosive 18 | . 1 . 6 . . 1 . 2 . . . 8 . . . Electromagnetic 23 | . . . . . . . . . . . . . 2 5 16 Robot Hit Streak 13 | 5 3 . 4 4 . . . 6 9 10 . 13 7 8 11 Robot Miss Streak 16 | 1 2 . 5 6 . 1 . 2 1 16 . 4 6 8 12 Penetration Max 1 | . . . . . . . . . . 1 . 1 . . 1 Secondary Targets 4 | . . . . . . . . . . 3 . . . 1 . Max Gunslinging Chain 1 | . . . . . . . . . . 1 . . . 1 . Shots Hit Robots 303 | 11 4 . 15 9 . . . 16 18 50 . 46 50 23 61 Core Hits 218 | 6 4 . 15 6 . 3 . 11 7 52 . 37 27 13 37 Critical Kills 4 | . . . . . . . . . . 1 . 1 1 . 1 Critical Parts Destroyed 7 | . . . . . . . . . 1 3 . 2 . 1 . Critical Strikes 12 | . . . . . . . . . 2 4 . 3 1 1 1 Burn 1 | . . . . . . . . . 1 . . . . . . Destroy 11 | . . . . . . . . . 1 4 . 3 1 1 1 Melee Attacks . | . . . . . . . . . . . . . . . . Impact . | . . . . . . . . . . . . . . . . Slashing . | . . . . . . . . . . . . . . . . Piercing . | . . . . . . . . . . . . . . . . Sneak Attacks . | . . . . . . . . . . . . . . . . Combat Hostiles . | . . . . . . . . . . . . . . . . Follow-up Attacks . | . . . . . . . . . . . . . . . . Damage Inflicted 7676 | 107 138 . 565 251 . 108 . 548 353 999 . 1862 985 661 1099 Guns 4323 | 107 62 . 135 . . . . . 281 867 . 712 965 322 872 Cannons 1574 | . . . 118 251 . . . 346 72 132 . 304 . 137 214 Explosions 1766 | . 76 . 312 . . 108 . 202 . . . 846 20 202 . Melee . | . . . . . . . . . . . . . . . . Ramming 13 | . . . . . . . . . . . . . . . 13 Kinetic 4613 | 107 62 . 253 251 . . . 346 220 999 . 680 457 281 957 Thermal 1584 | . . . . . . . . . 133 . . 738 508 178 27 Explosive 1142 | . 76 . 312 . . 108 . 202 . . . 444 . . . Electromagnetic 324 | . . . . . . . . . . . . . 20 202 102 Impact . | . . . . . . . . . . . . . . . . Slashing . | . . . . . . . . . . . . . . . . Piercing . | . . . . . . . . . . . . . . . . Highest Corruption 7 | . . . . . . . . 2 . 7 7 . . 1 4 Average Corruption 4 | . . . . . . . . 2 . 6 7 . . 1 3 Corruption Purged . | . . . . . . . . . . . . . . . . Corruption Blocked . | . . . . . . . . . . . . . . . . Effects 20 | . . . . . . . . . . 5 1 . . 2 12 Message Errors 6 | . . . . . . . . . . 2 . . . 1 3 Matter Fused 3 | . . . . . . . . . . 1 . . . 1 1 Heat Flow Errors 3 | . . . . . . . . . . 1 . . . . 2 Energy Discharges 1 | . . . . . . . . . . . . . . . 1 Parts Rejected 1 | . . . . . . . . . . . . . . . 1 Data Loss (minor) 4 | . . . . . . . . . . 1 1 . . . 2 Misfires 2 | . . . . . . . . . . . . . . . 2 Overload Shots . | . . . . . . . . . . . . . . . . Overflow Damage 55 | . . . . . . . . 17 . . . 16 . . 22 Projectiles 17 | . . . . . . . . 17 . . . . . . . Explosions 38 | . . . . . . . . . . . . 16 . . 22 Melee . | . . . . . . . . . . . . . . . . Knockbacks 11 | . . . 1 4 . . . 3 . 1 . 1 . . 1 Impact . | . . . . . . . . . . . . . . . . Kinetic 11 | . . . 1 4 . . . 3 . 1 . 1 . . 1 Secondary . | . . . . . . . . . . . . . . . . Self-Inflicted Damage 276 | . . . 21 . . 7 . . . . . 111 . 26 111 Shots 11 | . . . 2 . . 1 . . . . . 3 . 2 3 Rammed 3 | . . . . . . . . . . . . . . . 3 Targets Rammed 3 | . . . . . . . . . . . . . . . 3 Kicked . | . . . . . . . . . . . . . . . . Crushed . | . . . . . . . . . . . . . . . . Highest Temperature 632 | . 12 . 7 36 . 3 25 143 159 257 . 314 146 498 632 Average Temperature 109 | . 8 . 4 17 . 2 14 47 68 52 . 82 46 275 170 Received Heat Transfer 1614 | . 18 . 24 . . . . 9 174 297 12 369 255 384 72 Effects 30 | . . . . . . . . . . . . 3 . 16 11 Shutdowns 3 | . . . . . . . . . . . . . . 3 . Energy Bleed 2 | . . . . . . . . . . . . . . 1 1 Interference 15 | . . . . . . . . . . . . 3 . 9 3 Short Circuit 3 | . . . . . . . . . . . . . . . 3 Damage (minor) 1 | . . . . . . . . . . . . . . . 1 Damage (major) 6 | . . . . . . . . . . . . . . 3 3 Siege Activations . | . . . . . . . . . . . . . . . . Robots Corrupted . | . . . . . . . . . . . . . . . . Combat Hostiles . | . . . . . . . . . . . . . . . . Parts Fried . | . . . . . . . . . . . . . . . . Impact Corruptions . | . . . . . . . . . . . . . . . . Robots Melted . | . . . . . . . . . . . . . . . . Combat Hostiles . | . . . . . . . . . . . . . . . . Parts Melted 1 | . . . . . . . . . . . . 1 . . . Heat Transferred 3032 | . . . . . . . . . 370 . . 1075 1150 400 37 Parts Sabotaged . | . . . . . . . . . . . . . . . . Parts Stolen 1 | . . . . . . . . . . 1 . . . . . Parts Stripped . | . . . . . . . . . . . . . . . . Power Chain Reactions . | . . . . . . . . . . . . . . . . Missiles Intercepted . | . . . . . . . . . . . . . . . . Alert | -11 -10 -10 -9 -9 -9 -8 -8 -8 -7 -7 -7 -6 -6 -6 -5 ------- Run | Scr Mat Min Mat Min Exi Min Mat Sto Fac Low Low Fac Low Low Fac Peak Influence 536 | 15 101 39 536 408 . 71 44 180 147 . . 333 . . 150 Initial 130 | . 9 39 14 130 . . 27 18 81 . . . . . 19 Average 128 | 9 46 39 266 282 . 69 34 75 95 . . 127 . . 52 Maximum Alert Level 2 | . . . 2 2 . . . . . . . 1 . . . Low Security (%) 70 | 100 100 100 29 8 . 100 100 100 100 . . 60 . . 100 Level 1 26 | . . . 66 74 . . . . . . . 39 . . . Level 2 2 | . . . 4 16 . . . . . . . . . . . Level 3 . | . . . . . . . . . . . . . . . . Level 4 . | . . . . . . . . . . . . . . . . Level 5 . | . . . . . . . . . . . . . . . . High Security . | . . . . . . . . . . . . . . . . Max Security . | . . . . . . . . . . . . . . . . Squads Dispatched 11 | . 1 . 1 1 . . . . 1 . . 4 . . 3 Investigation 1 | . 1 . . . . . . . . . . . . . . Extermination 2 | . . . . . . . . . . . . 1 . . 1 Reinforcement 8 | . . . 1 1 . . . . 1 . . 3 . . 2 Assault . | . . . . . . . . . . . . . . . . Garrison . | . . . . . . . . . . . . . . . . Intercept . | . . . . . . . . . . . . . . . . Searches Triggered . | . . . . . . . . . . . . . . . . Construction Impeded 5 | . . . . 1 . . . . . . . 3 . . 1 Haulers Reinforced . | . . . . . . . . . . . . . . . . Active Scanning Responses . | . . . . . . . . . . . . . . . . Cargo Convoy Interrupts . | . . . . . . . . . . . . . . . . Stealth | -11 -10 -10 -9 -9 -9 -8 -8 -8 -7 -7 -7 -6 -6 -6 -5 --------- Run | Scr Mat Min Mat Min Exi Min Mat Sto Fac Low Low Fac Low Low Fac Distress Signals 4 | . . . 1 . . . . . 1 . . . . . 2 Communications Jammed . | . . . . . . . . . . . . . . . . Distress Signals . | . . . . . . . . . . . . . . . . Times Spotted 97 | . 4 . 17 5 . 3 5 5 4 9 1 16 9 6 13 Peak Tracking Total 5 | . 3 . 4 4 . 3 5 4 2 4 1 4 4 3 4 Tactical Retreats 9 | . . . 2 . . . . . . . . 4 . . 3 Traps | -11 -10 -10 -9 -9 -9 -8 -8 -8 -7 -7 -7 -6 -6 -6 -5 ------- Run | Scr Mat Min Mat Min Exi Min Mat Sto Fac Low Low Fac Low Low Fac Traps Triggered 1 | . . . . . . . . 1 . . . . . . . Indirectly . | . . . . . . . . . . . . . . . . Trap Hack Attempts . | . . . . . . . . . . . . . . . . Triggered . | . . . . . . . . . . . . . . . . Disarmed . | . . . . . . . . . . . . . . . . Reprogrammed . | . . . . . . . . . . . . . . . . Reused . | . . . . . . . . . . . . . . . . Traps Extracted . | . . . . . . . . . . . . . . . . Installed . | . . . . . . . . . . . . . . . . Triggered . | . . . . . . . . . . . . . . . . Machines | -11 -10 -10 -9 -9 -9 -8 -8 -8 -7 -7 -7 -6 -6 -6 -5 ---------- Run | Scr Mat Min Mat Min Exi Min Mat Sto Fac Low Low Fac Low Low Fac Machines Disabled 15 | . . . 2 2 . 1 . 1 . . . 6 . . 3 Max in Single Turn 4 | . . . 1 1 . 1 . 1 . . . 4 . . 3 Machines Sabotaged . | . . . . . . . . . . . . . . . . Garrisons Compromised . | . . . . . . . . . . . . . . . . Overloaded Fab Kills . | . . . . . . . . . . . . . . . . Hacking | -11 -10 -10 -9 -9 -9 -8 -8 -8 -7 -7 -7 -6 -6 -6 -5 --------- Run | Scr Mat Min Mat Min Exi Min Mat Sto Fac Low Low Fac Low Low Fac Machines Accessed 5 | . 1 . . 1 . . . . . 1 . 1 . . 1 Terminals 3 | . 1 . . . . . . . . . . 1 . . 1 Fabricators . | . . . . . . . . . . . . . . . . Repair Stations . | . . . . . . . . . . . . . . . . Recycling Units . | . . . . . . . . . . . . . . . . Scanalyzers . | . . . . . . . . . . . . . . . . Garrison Access . | . . . . . . . . . . . . . . . . Total Hacks 9 | . 4 . . 1 . . . . . 1 . 1 . . 2 Successful 3 | . 1 . . 1 . . . . . 1 . . . . . Failed 6 | . 3 . . . . . . . . . . 1 . . 2 Catastrophic 2 | . . . . . . . . . . . . 1 . . 1 Database Lockouts . | . . . . . . . . . . . . . . . . Manual 8 | . 4 . . . 1 . . . . . . 1 . . 2 Terminals 7 | . 4 . . . . . . . . . . 1 . . 2 Fabricators . | . . . . . . . . . . . . . . . . Repair Stations . | . . . . . . . . . . . . . . . . Recycling Units . | . . . . . . . . . . . . . . . . Scanalyzers . | . . . . . . . . . . . . . . . . Garrison Access . | . . . . . . . . . . . . . . . . Terminal Hacks 2 | . . . . 1 . . . . . 1 . . . . . Open Door 2 | . . . . 1 . . . . . 1 . . . . . Fabricator Hacks . | . . . . . . . . . . . . . . . . Repair Station Hacks . | . . . . . . . . . . . . . . . . Recycling Unit Hacks . | . . . . . . . . . . . . . . . . Scanalyzer . | . . . . . . . . . . . . . . . . Garrison Access Hacks . | . . . . . . . . . . . . . . . . Unauthorized Hacks 1 | . 1 . . . . . . . . . . . . . . Terminals 1 | . 1 . . . . . . . . . . . . . . Botnet 1 | . 1 . . . . . . . . . . . . . . Fabricators . | . . . . . . . . . . . . . . . . Repair Stations . | . . . . . . . . . . . . . . . . Recycling Units . | . . . . . . . . . . . . . . . . Scanalyzers . | . . . . . . . . . . . . . . . . Garrison Access . | . . . . . . . . . . . . . . . . Data Cores Recovered 1 | . . . . . . . . 1 . . . . . . . Used . | . . . . . . . . . . . . . . . . Hacking Detections 3 | . 1 . . . . . . . . . . 1 . . 1 Full Trace Events 1 | . 1 . . . . . . . . . . . . . . Feedback Events . | . . . . . . . . . . . . . . . . Feedback Blocked . | . . . . . . . . . . . . . . . . Robot Schematics Acquired . | . . . . . . . . . . . . . . . . Robots Built . | . . . . . . . . . . . . . . . . Authchips . | . . . . . . . . . . . . . . . . Time . | . . . . . . . . . . . . . . . . Total Robot Build Rating . | . . . . . . . . . . . . . . . . Part Schematics Acquired . | . . . . . . . . . . . . . . . . Parts Built . | . . . . . . . . . . . . . . . . Authchips . | . . . . . . . . . . . . . . . . Time . | . . . . . . . . . . . . . . . . Total Part Build Rating . | . . . . . . . . . . . . . . . . Parts Repaired . | . . . . . . . . . . . . . . . . Time . | . . . . . . . . . . . . . . . . Parts Recycled . | . . . . . . . . . . . . . . . . Recycled Matter . | . . . . . . . . . . . . . . . . Retrieved Matter . | . . . . . . . . . . . . . . . . Retrieved Components . | . . . . . . . . . . . . . . . . Parts Scanalyzed . | . . . . . . . . . . . . . . . . Part Schematics Acquired . | . . . . . . . . . . . . . . . . Parts Damaged . | . . . . . . . . . . . . . . . . Bothacking | -11 -10 -10 -9 -9 -9 -8 -8 -8 -7 -7 -7 -6 -6 -6 -5 ------------ Run | Scr Mat Min Mat Min Exi Min Mat Sto Fac Low Low Fac Low Low Fac Used RIF Installer . | . . . . . . . . . . . . . . . . Robots Hacked . | . . . . . . . . . . . . . . . . Non-combat . | . . . . . . . . . . . . . . . . Combat . | . . . . . . . . . . . . . . . . Robot Hacks Applied . | . . . . . . . . . . . . . . . . Relay Couplers Released . | . . . . . . . . . . . . . . . . Fabnet Peak Effective % . | . . . . . . . . . . . . . . . . Robots Rewired . | . . . . . . . . . . . . . . . . Allies Hacked . | . . . . . . . . . . . . . . . . Hacks Repelled . | . . . . . . . . . . . . . . . . Allies | -11 -10 -10 -9 -9 -9 -8 -8 -8 -7 -7 -7 -6 -6 -6 -5 -------- Run | Scr Mat Min Mat Min Exi Min Mat Sto Fac Low Low Fac Low Low Fac Total Allies 3 | . . . . 2 . . . . . . . . . 1 . Largest Group 2 | . . . . 2 . . . . . . . . . 1 . Highest-Rated Group 135 | . . . . 45 . . . . . . . . . 135 . Highest-Rated Ally 135 | . . . . 31 . . . . . . . . . 135 . Total Orders . | . . . . . . . . . . . . . . . . Ally Attacks 17 | . . . . 17 . . . . . . . . . . . Total Damage 292 | . . . . 292 . . . . . . . . . . . Kills 6 | . . . . 6 . . . . . . . . . . . Allies Corrupted . | . . . . . . . . . . . . . . . . Allies Melted . | . . . . . . . . . . . . . . . . Intel | -11 -10 -10 -9 -9 -9 -8 -8 -8 -7 -7 -7 -6 -6 -6 -5 ------- Run | Scr Mat Min Mat Min Exi Min Mat Sto Fac Low Low Fac Low Low Fac Robot Analysis Total . | . . . . . . . . . . . . . . . . Derelict Logs Recovered 2 | . . . . 1 . . . . . 1 . . . . . Drone Launches . | . . . . . . . . . . . . . . . . Drone Recoveries . | . . . . . . . . . . . . . . . . Exploration | -11 -10 -10 -9 -9 -9 -8 -8 -8 -7 -7 -7 -6 -6 -6 -5 ------------- Run | Scr Mat Min Mat Min Exi Min Mat Sto Fac Low Low Fac Low Low Fac Turns Passed 7189 | 132 140 122 413 611 254 136 70 173 366 1248 62 854 1334 294 980 Spaces Moved 4766 | 78 99 101 205 421 210 109 183 209 254 591 52 509 1000 164 581 Core 530 | 6 . . . . . . . . 9 405 . . . 11 99 Treads 343 | . . . . . . . . . . . . . . 53 290 Legs 3472 | 72 99 101 205 421 210 109 . 34 243 186 52 509 1000 100 131 Wheels . | . . . . . . . . . . . . . . . . Hover 61 | . . . . . . . . . . . . . . . 61 Flight 360 | . . . . . . . 183 175 2 . . . . . . Fastest Speed 29 | 50 120 120 120 120 120 120 29 29 50 50 120 120 120 100 50 Average Speed 126 | 114 120 120 135 135 120 120 29 45 122 189 120 130 120 131 125 Slowest Speed 270 | 120 120 120 190 190 120 120 29 190 190 250 120 260 120 160 270 Overloaded Moves . | . . . . . . . . . . . . . . . . Propulsion Burnouts . | . . . . . . . . . . . . . . . . Robots Hopped 2 | . . . . . . . 1 1 . . . . . . . Cave-ins Triggered . | . . . . . . . . . . . . . . . . Exploration Rate (%) 34 | 4 29 32 24 64 61 27 15 37 8 84 15 16 97 20 14 Regions Visited 15 Branch Regions 9 Pre-discovered Areas . | . . . . . . . . . . . . . . . . Known Exits Taken 1 | . . . . . . . . . . . . . . 1 . Unknown Exits Taken 14 | 1 1 1 1 1 1 1 1 1 1 1 1 1 1 . . Scrap Searched 15 | . . . . 1 . 1 . . . 4 . . 9 . . Spaces Dug 10 | . . . . . . . 2 5 . . . 1 . . 2 Terrain Destroyed 200 | . 4 . 43 7 . 3 2 22 . 3 . 63 . . 53 Melee . | . . . . . . . . . . . . . . . . Projectile 44 | . . . . 7 . 1 2 12 . 3 . 9 . . 10 AOE 156 | . 4 . 43 . . 2 . 10 . . . 54 . . 43 Terrain Rammed . | . . . . . . . . . . . . . . . . Walls Destroyed . | . . . . . . . . . . . . . . . . Machines Disabled . | . . . . . . . . . . . . . . . . Actions | -11 -10 -10 -9 -9 -9 -8 -8 -8 -7 -7 -7 -6 -6 -6 -5 --------- Run | Scr Mat Min Mat Min Exi Min Mat Sto Fac Low Low Fac Low Low Fac Total 5429 | 107 113 102 304 439 212 111 199 241 291 657 51 610 1062 203 727 Wait 83 | . . . 43 . . . . . . . . 7 15 . 18 Move 4747 | 77 98 100 204 420 209 108 180 206 253 590 51 508 999 163 581 Hop 2 | . . . . . . . 1 1 . . . . . . . Pick Up 97 | 12 6 1 10 1 1 . 3 3 6 10 . 18 5 . 21 Fast Attach 26 | . . . 1 1 . . 1 . 2 1 . 4 4 5 7 Attach 81 | 7 . . 2 . . . 6 3 7 12 . 14 4 2 24 Detach 6 | . . . . . . . 1 . 2 . . . . 3 . Swap 20 | . 1 . 3 3 1 2 . 2 1 . . 2 . 3 2 Drop 43 | . 3 1 8 3 1 . 6 3 4 1 . 2 2 2 7 Fire 321 | 11 5 . 33 11 . 1 1 23 16 43 . 55 33 25 64 Melee . | . . . . . . . . . . . . . . . . Ram 3 | . . . . . . . . . . . . . . . 3 Kick . | . . . . . . . . . . . . . . . . Crush . | . . . . . . . . . . . . . . . . Escape Stasis . | . . . . . . . . . . . . . . . . Rewire . | . . . . . . . . . . . . . . . . Trap . | . . . . . . . . . . . . . . . . Miscellaneous . | . . . . . . . . . . . . . . . . Route ------- -11/Scrapyard -10/Materials -10/Mines -9/Materials (discovered 2 exits: [*Mat] / *Min) -9/Mines (discovered 2 exits: [*Mat] / *Exi) -9/Exiles -8/Mines -8/Materials -8/Storage -7/Factory -7/Lower Caves -7/Lower Caves -6/Factory (discovered 2 exits: Fac / [*Low]) -6/Lower Caves -6/Lower Caves (discovered 2 exits: *Fac x2) -5/Factory History --------- Turn | Location | Event 3 | -11/Scrapyard | Discovered new exit (range 15) 133 | -11/Scrapyard | Entered Materials 255 | -10/Materials | Discovered new exit (range 16) 273 | -10/Materials | Entered Mines 305 | -10/Mines | Build established: Mutant 344 | -10/Mines | Discovered new exit (range 14) 356 | -10/Mines | Received a Rocket Launcher from a helpful Derelict 395 | -10/Mines | Entered Materials 395 | -9/Materials | Evolved 2 slots: Propulsion x1, Utility x1 629 | -9/Materials | Discovered new exit (range 7) 790 | -9/Materials | Discovered new exit (range 11) 808 | -9/Materials | Entered Mines 868 | -9/Mines | Learned Materials emergency access door positions 892 | -9/Mines | Found the Drone Emporium 945 | -9/Mines | Discovered new exit (range 9) 948 | -9/Mines | Build established: Scavenger-Mutant 1414 | -9/Mines | Deemed a non-threat by the Exiles lab entrance 1414 | -9/Mines | Discovered new exit (range 5) 1419 | -9/Mines | Entered Exiles 1451 | -9/Exiles | Met 8R-AWN 1471 | -9/Exiles | Met EX-HEX 1511 | -9/Exiles | Met EX-BIN 1524 | -9/Exiles | Aligned with FarCom system 1525 | -9/Exiles | Given EX-Vault access code 1553 | -9/Exiles | Opened EX-Vault 1559 | -9/Exiles | Found Prototype Processor 1575 | -9/Exiles | Identified 0b10 Alert Chip 1586 | -9/Exiles | Warned to stay clear of 0b10 Research branches 1618 | -9/Exiles | Met EX-DEC 1662 | -9/Exiles | Discovered new exit (range 11) 1673 | -9/Exiles | Left Exiles lab with 0b10 Alert Chip 1673 | -9/Exiles | Entered Mines 1757 | -8/Mines | Discovered new exit (range 7) 1809 | -8/Mines | Entered Materials 1809 | -8/Materials | Evolved 2 slots: Propulsion x1, Utility x1 1875 | -8/Materials | Discovered new exit (range 15) 1879 | -8/Materials | Entered Storage 2037 | -8/Storage | Discovered new exit (range 14) 2052 | -8/Storage | Entered Factory 2052 | -7/Factory | Evolved 2 slots: Power x1, Propulsion x1 2378 | -7/Factory | Discovered new exit (range 15) 2418 | -7/Factory | Entered Lower Caves 2438 | -7/Lower Caves | Lost 8 parts (2p4n2w) 2452 | -7/Lower Caves | Encountered a Warlord checkpoint 2715 | -7/Lower Caves | Lost 3 parts (1p2u) 2910 | -7/Lower Caves | Learned 12 Factory zone layouts 2968 | -7/Lower Caves | Build established: Mutant 3417 | -7/Lower Caves | Lost 6 parts (3u3w) 3649 | -7/Lower Caves | Discovered new exit (range 14) 3666 | -7/Lower Caves | Entered another Lower Caves area 3722 | -7/Lower Caves | Discovered new exit (range 6) 3727 | -7/Lower Caves | Attracted the attention of an 0b10 checkpoint 3728 | -7/Lower Caves | Entered Factory 3728 | -6/Factory | Evolved 2 slots: Utility x2 3729 | -6/Factory | Identified exit to Factory 4035 | -6/Factory | Build established: Derelict-Mutant 4100 | -6/Factory | Spotted B-75 Beast 4135 | -6/Factory | Lost 3 parts (2n1w) 4234 | -6/Factory | Lost 4 parts (1p1n1u1w) 4347 | -6/Factory | Lost 6 parts (1p1n2u2w) 4366 | -6/Factory | Build established: Mutant 4561 | -6/Factory | Discovered new exit (range 13) 4582 | -6/Factory | Entered Lower Caves 5085 | -6/Lower Caves | Attracted the attention of an 0b10 base 5125 | -6/Lower Caves | Core integrity fell below 50% 5436 | -6/Lower Caves | Attracted the attention of an 0b10 checkpoint 5495 | -6/Lower Caves | Build established: Derelict-Mutant 5726 | -6/Lower Caves | Encountered a Warlord checkpoint 5903 | -6/Lower Caves | Discovered new exit (range 14) 5916 | -6/Lower Caves | Entered another Lower Caves area 6051 | -6/Lower Caves | Attracted the attention of an 0b10 checkpoint 6113 | -6/Lower Caves | 99-TNT showed up to help 6115 | -6/Lower Caves | 99-TNT revealed a hidden path 6118 | -6/Lower Caves | Lost 9 parts (2p5n1u1w) 6192 | -6/Lower Caves | Discovered exit to Factory (range 14) 6203 | -6/Lower Caves | Encountered a Warlord checkpoint 6210 | -6/Lower Caves | Entered Factory 6210 | -5/Factory | Evolved 2 slots: Propulsion x1, Weapon x1 6496 | -5/Factory | Spotted B-75 Beast 6500 | -5/Factory | Build established: Scavenger-Skirmisher 6824 | -5/Factory | Lost 4 parts (1p2n1w) 7054 | -5/Factory | Lost 15 parts (4p3n4u4w) 7083 | -5/Factory | Core integrity fell below 50% 7119 | -5/Factory | Lost 7 parts (1p3n2u1w) 7179 | -5/Factory | Core integrity fell below 20% 7190 | -5/Factory | Destroyed by H-66 Slayer with Heavy Assault Rifle Last Messages --------------- 07093_ R-10 Processor collects Wheel. 07097_ Penetrated by Slug. 07111_ Acquired Hacking Suite. 07114_ System corrupted: Energy discharge (-32). 07115_ Acquired Antigrav System. 07121_ Slug penetrates Wall. 07124_ Penetrated by Slug. 07131_ U-05 Engineer builds a Wall. 07132_ ALERT: Cargo convoy en route, clear transfer corridor. 07132_ Slug penetrates Assembly Bed. 07132_ Hacking Suite destroyed. 07132_ Slug penetrates Assembly Bed. 07148_ Acquired Variable Charge Gun. 07161_ Acquired Xenon Bombardment Thruster. 07167_ Penetrated by Slug. 07178_ Xenon Bombardment Thruster destroyed. 07179_ Critical hit (Burn: +37). 07182_ Penetrated by Slug. 07184_ Antigrav System destroyed. 07184_ Penetrated by Slug. Map ----- +----------------------------------------------------+ | " "" + ! ############### | | """"" %=# = / | | ########## ^ ^ # ## ###### | | #?????# # = ! ## #????# ^ | | #?????# ! # ## #????# | | " #?????# # ## #????# "" | | " #?????# #########+##### #?? # "" | | " #?????# #???????# ##### # # "" | | #?????# #???????# / # ! "" | | " #?????# %##############?# ##### # # | | " #?????# %# % ###+##### #?? # | | " #????## # # # #????# | | ######" %%+ # # ###### | | + =% #% # # | | #####"# B; # # | | ####### ## w; # + | | ! # ; # # ### | | # # # # #?? | | # # # ########+##### | | ! + # # "## # | | # + # # """ # | | """" # # # "## """ # | | """" # #######;;######## ## """ # | | """" # #??????# # # ## " | | """" # #########Y """ # # #### """ "" # | | """" # h@""" #######??# """ T" # | | """" # ########## """ #????????# """ "" # | | # #????????# #????????# # | | #/#####+## %#????????# #????????########## | | #????????########?????????????????? | | #/##########+########????????????????????????????? | | # #???????????????????????????? | | # #???????????????????????????? | | " # / #???????????????????????????? | | " # #???????????????????????????? | | " !# = #???????????????????????????? | | # #???????????????????????????? | | #### #???????????????????????????? | | ???###################???????????????????????????? | | | | | | | | | | | | | | | | | | | | | | | +----------------------------------------------------+ Best States ------------- Heat Dissipation 40 Energy Generation 31 Energy Capacity 770 Matter Stores 700 Matter Capacity 700 Sight Range 16 Terrain Scan Range 16 Terrain Scan Density 10 ECM Strength 2 Additional Mass Support 9 Armor Coverage 450 Evasion (%) 72 Melee Accuracy 8 Recoil Reduction 2 Matter Filtering 30 Salvage Targeting 2 Offensive Hacking 10 Item Schematics ----------------- None Robot Schematics ------------------ None Fabricated ------------ Nothing Alien Tech Used ----------------- None Achievements -------------- Leap Before You Look More Dakka Please Use The Force Challenges ------------ None Game ------ Seed HeavyHybridDeconstructor Manual? 0 Play Time 01:26:55 Cumulative 16.2 hours Start 2022.05.15 @ 00:11:55 End 2022.05.15 @ 01:40:22 Sessions 1 Manual Loads 0 Difficulty Rogue Special Mode None Game No. 22 Rogue 22 Adventurer 0 Explorer 0 Win Type - Total 0 Types 0/0/0/0/0/0/0/0/0 Lore% 12 Gallery% 20 Achievement% 14 Wizard Run 0 Options --------- ASCII 0 Keyboard 0 Movement Mouse Keybinds 0 Fullscreen 1 Font 32/SmallcapsGlow Map View 63x52 Tactical HUD 1 Map Filters NONE Filters NONE Steam 1 RUN: 65229679-72b6-4588-9a1b-30d0ec2724ce